AoeStats
← Oscar

Hideout

509663215Analyzed
1v1 RM · 6d ago on Sep 27, 2026· 23m 10s· 2 players
Game mode
Random Map
Map size
Tiny (2 player)
Population
200
Speed
Normal
Resources
Standard
Victory
Conquest
Starting age
Dark Age
Ending age
Imperial Age
RankedLock teamsTeams togetherTeam positionsShared explorationLock speedFull tech treeHidden civsTurbo modeCheats
Victory
Defeat
🇨🇭 Franks · Switzerland
908
+15
🇲🇽 Mongols · Mexico
895
-15
Angelheredia997
7:42 Loom
11:11 Feudal Age
9:30 Loom
15:46 Castle Age
14:16 Double-Bit Axe
14:51 Horse Collar
22:57 Wheelbarrow
Oscar
10:13 Feudal Age
14:42 Castle Age
13:28 Double-Bit Axe
15:21 Gold Mining
16:32 Loom
16:42 Stone Mining
Connection lost

Rejoining the realm…

Still unreachable

The connection could not be restored.

Session expired

The server has moved on; the page needs a fresh start.